 Dungeon Crawl Stone Soup version 0.28-a0-862-g58c29a6370 (webtiles) character file.

Game seed: 6925581295463701204

163 Htamos the Conjurer (level 5, 0/30 HPs)
             Began as a Deep Elf Conjurer on Nov 16, 2021.
             Was an Initiate of Dithmenos.
             Slain by a water moccasin skeleton (2 damage)
             ... on level 4 of the Dungeon.
             The game lasted 00:05:25 (3099 turns).

Htamos the Conjurer (Deep Elf Conjurer)             Turns: 3099, Time: 00:05:26

Health: 0/30       AC:  8    Str:  5      XL:     5   Next: 20%
Magic:  0/12       EV:  6    Int: 22 (23) God:    Dithmenos [......]
Gold:   93         SH:  0    Dex: 12 (13) Spells: 10/11 levels left

rFire   . . .      SeeInvis .   j - +0 dagger (venom)
rCold   . . .      Faith    .   (no shield)
rNeg    . . .      Spirit   .   i - +0 scale mail
rPois   .          Reflect  .   m - +2 hat
rElec   .          Harm     .   (no cloak)
rCorr   .          Rampage  .   (no gloves)
Will    .....                   (no boots)
Stlth   +.........              (no amulet)
HPRegen 0.10/turn               (no ring)
MPRegen 0.13/turn               (no ring)

@: slightly contaminated
A: no striking features
a: Renounce Religion


You were on level 4 of the Dungeon.
You worshipped Dithmenos.
Dithmenos was noncommittal.
You visited 1 branch of the dungeon, and saw 4 of its levels.

You collected 93 gold pieces.

Inventory:

Hand Weapons
 d - a +0 dagger
 j - a +0 dagger of venom (weapon)
Missiles
 c - 9 poisoned darts
Armour
 a - a +0 robe
 i - a +0 scale mail (worn)
 m - a +2 hat (worn)
Jewellery
 h - a +6 ring of strength
Scrolls
 b - a scroll of immolation {unknown}


   Skills:
 * Level 2.1 Fighting
 + Level 3.5 Dodging
 + Level 3.5 Stealth
 + Level 3.9 Spellcasting
 + Level 5.0 Conjurations


You had 10 spell levels left.
You knew the following spells:

 Your Spells              Type           Power      Damage    Failure   Level
a - Magic Dart            Conj           100%       1d8       36%         1

Your spell library contained the following spells:

 Spells                   Type           Power      Damage    Failure   Level
 Searing Ray              Conj           52%        2d6       50%         2
 Dazzling Flash           Conj/Hex       30%        N/A       97%         3
 Fulminant Prism          Conj/Hex       7%         3d7       100%        4
 Iskenderun's Mystic Bla  Conj/Tloc      15%        2d5       100%        4


Dungeon Overview and Level Annotations

Branches:
Dungeon (4/15)
 Temple: D:4-7

Altars:
Dithmenos


Message History

An endoplasm comes into view.
The water moccasin skeleton bites you but does no damage.
The endoplasm quivers.
You hit the water moccasin skeleton.
The water moccasin skeleton is almost destroyed.
The water moccasin skeleton bites you.
* * * LOW HITPOINT WARNING * * *
You closely miss the water moccasin skeleton.
The water moccasin skeleton is almost destroyed.
The water moccasin skeleton bites you.
* * * LOW HITPOINT WARNING * * *
The water moccasin skeleton bites you but does no damage.
Casting: Magic Dart (safe; 36% risk of failure)
Confirm with . or Enter, or press ? or * to list all spells.
Aiming: Magic Dart (safe; 36% risk of failure)
Press: ? - help, Shift-Dir - straight line, f/p - water moccasin skeleton
Aim: a water moccasin skeleton (almost destroyed, 100% to hit)
You miscast Magic Dart.
Nothing appears to happen.
* * * LOW MAGIC WARNING * * *
The water moccasin skeleton bites you but does no damage.
Unknown command.
You aren't carrying any potions.
You hit the water moccasin skeleton.
The water moccasin skeleton is almost destroyed.
The water moccasin skeleton bites you.
* * * LOW HITPOINT WARNING * * *
You barely miss the water moccasin skeleton.
The water moccasin skeleton is almost destroyed.
The water moccasin skeleton bites you but does no damage.
Unknown command.
The water moccasin skeleton bites you.
* * * LOW HITPOINT WARNING * * *
Casting: Magic Dart (safe; 36% risk of failure)
Confirm with . or Enter, or press ? or * to list all spells.
You don't have enough magic to cast this spell.
Unknown command.
You hit the water moccasin skeleton.
The water moccasin skeleton is almost destroyed.
The water moccasin skeleton bites you.
You die...

###........ ##..........
##...........
##.........###
##.........## ***
##........### **,****
##........## ,,,,,,***
##.........# ,,,,,,,,***
##@........##
*****,,...#####ZJ........#
* ***#................## *
###.............## *
##............# *
*#...........## *
*#............# *
*#............##
******#......(.....)#


You could see an endoplasm and a water moccasin skeleton.

Vanquished Creatures
  A hound (D:4)
  An orc wizard (D:3)
  A hound skeleton (D:4)
  3 adders (D:2)
  An ufetubus (D:4)
  A dart slug (D:2)
  3 orcs
  9 ball pythons
  2 bats (D:1)
  2 endoplasms
  4 giant cockroaches
  8 goblins
  4 hobgoblins (D:1)
  2 jackals (D:2)
  6 kobolds
  A quokka (D:1)
  2 frilled lizards
  4 rats (D:1)
55 creatures vanquished.

Vanquished Creatures (others)
  7 plants (D:3)
7 creatures vanquished.

Grand Total: 62 creatures vanquished

Notes
Turn   | Place    | Note
-------+----------+-------------------------------------------
     0 | D:1      | Htamos the Deep Elf Conjurer began the quest for the Orb.
     0 | D:1      | Reached XP level 1. HP: 10/10 MP: 6/6
   144 | D:1      | Found a faded altar of an unknown god.
   151 | D:1      | Reached XP level 2. HP: 16/16 MP: 6/8
   662 | D:1      | Reached skill level 1 in Fighting
   662 | D:1      | Reached XP level 3. HP: 20/20 MP: 3/9
  1201 | D:2      | Found a shadowy altar of Dithmenos.
  1376 | D:2      | Became a worshipper of Dithmenos the Shadowed
  1766 | D:2      | Reached XP level 4. HP: 25/25 MP: 2/11
  2956 | D:4      | Reached skill level 5 in Conjurations
  2956 | D:4      | Reached XP level 5. HP: 26/30 MP: 4/12
  3099 | D:4      | Slain by a water moccasin skeleton

Illustrated notes

Levels and vault maps discovered:
D:1:      dpeg_arrival_arbitrary_a, layout_basic,
          hellmonk_ecumenical_altar_pennies_from_heaven, st_stairs_5,
          chequers_decorated_corner, minmay_misc_feat_chi
D:2:      layout_basic, basic_altar
D:3:      layout_rooms, nicolae_overflow_ecumenical_swirl, serial_forest,
          infiniplex_forest_zigzag_2, infiniplex_forest_clump_diagonal,
          infiniplex_forest_pool, infiniplex_forest_clump_cross,
          infiniplex_forest_clump_curved, infiniplex_forest_straight_1,
          infiniplex_forest_straight_2, infiniplex_forest_clump_C
D:4:      layout_layer_cave, mainiacjoe_overflow_catwalk_spiral, serial_undead,
          serial_undead_b, serial_undead_e, serial_undead_e, serial_undead_c,
          uniq_eustachio, uniq_natasha

Skill      XL: |  1  2  3  4 |
---------------+-------------+-----
Fighting       | 1 2 |  2.1
Stealth        | 3 |  3.5
Dodging        | 3 |  3.5
Conjurations   | 5 |  5.0
Spellcasting   | |  3.9

Action                   |  1- 3 |  4- 6 || total
-------------------------+-------+-------++-------
Melee: Dagger            |       |    30 ||    30
 Cast: Magic Dart        |    73 |    31 ||   104
  Use: Scroll            |       |     4 ||     4
       Potion            |       |     4 ||     4
Armor: Robe              |     1 |       ||     1
       Scale mail        |     3 |    56 ||    59
Dodge: Dodged            |    10 |    21 ||    31

Table legend: (Time is in decaauts)
 A = Elapsed time spent in this place.
 B = Non-inter-level travel time spent in this place.
 C = Inter-level travel time spent in this place.
 D = Time resting spent in this place.
 E = Time spent auto-exploring this place.
 F = Levels seen in this place.
 G = Mean time per level.
                   A        B        C        D        E       F      G
               +--------+--------+--------+--------+--------+-----+--------+
         Total |   3069 |   2967 |    102 |    721 |   1829 |   4 |  767.2 |
       Dungeon |   3069 |   2967 |    102 |    721 |   1829 |   4 |  767.2 |
               +--------+--------+--------+--------+--------+-----+--------+

Top non-repeatable levels by time:
     D:2: 1172 daAuts
     D:1: 1142 daAuts
     D:4: 530 daAuts
     D:3: 224 daAuts
